Cogmind - Beta 15 @@@ ROGUE MODE // 2025.06.01 @ 13:39:39 Player: pakman Result: Destroyed by BB-NXK(R) with Subdweller Beam Cannon Performance ------------- Evolutions (0) 0 Regions Visited (3) 600 Robots Destroyed (18) 90 Value Destroyed (367) 367 Prototype IDs (0) 0 Alien Tech Used (0) 0 Bonus (0) 0 TOTAL SCORE: 1057 Bonus ------- None Cogmind --------- Core Integrity 0/250 Matter 300/300 Energy 23/100 System Corruption 1% Temperature Cool (33) Movement Rolling (95) Ox1 Location -10/Subcaves Parts ------- > --- POWER (1) -------- (None) > --- PROPULSION (2) --- Wheel > --- UTILITY (2) ------ Medium Storage Unit > --- WEAPON (2) ------- Subdweller Beam Cannon > --- INVENTORY (10) --- Subdweller Monowheel Large Matter Pod (150) Signal Interpreter Improved Terrain Scanner Seismic Detector Grenade Launcher Peak State ------------ > --- POWER ------------ Light Ion Engine > --- PROPULSION ------- Wheel Subdweller Monowheel > --- UTILITY ---------- Medium Storage Unit Core Shielding > --- WEAPON ----------- Subdweller Laser Subdweller Beam Cannon > --- INVENTORY -------- Light Ion Engine Subdweller Monowheel Large Matter Pod Signal Interpreter Improved Terrain Scanner Seismic Detector Seismic Detector Subdweller Beam Cannon Grenade Launcher Flamer [Rating: 11] Favorites ----------- Power Light Ion Engine Engine Light Ion Engine Propulsion Aluminum Leg Leg Aluminum Leg Wheel Wheel Utility Seismic Detector Device Seismic Detector Storage Medium Storage Unit Protection Core Shielding Weapon Assault Rifle Energy Gun Subdweller Laser Energy Cannon Subdweller Beam Cannon Ballistic Gun Assault Rifle Launcher Grenade Launcher Special Weapon Flamer Special Melee Weapon Datajack Build | -11 -10 -10 -10 ------- Run | Yrd Mat Min Sub Slots Evolved . | . . . . Power . | . . . . Propulsion . | . . . . Utility . | . . . . Weapon . | . . . . Parts Attached 23 | 7 5 2 9 Power 2 | 1 . . 1 Engine 2 | 1 . . 1 Core . | . . . . Reactor . | . . . . Propulsion 6 | 2 2 . 2 Treads . | . . . . Leg 4 | 2 2 . . Wheel 2 | . . . 2 Hover . | . . . . Flight . | . . . . Utility 5 | 2 1 1 1 Device 2 | 1 . 1 . Storage 2 | 1 1 . . Processor . | . . . . Hackware . | . . . . Protection 1 | . . . 1 Artifact . | . . . . Weapon 10 | 2 2 1 5 Energy Gun 1 | . . . 1 Energy Cannon 2 | . . . 2 Ballistic Gun 4 | 2 . 1 1 Ballistic Cannon . | . . . . Launcher 1 | . 1 . . Special Weapon 1 | . . . 1 Impact Weapon . | . . . . Slashing Weapon . | . . . . Piercing Weapon . | . . . . Special Melee Weapon 1 | . 1 . . Unidentified Prototypes . | . . . . Parts Lost 7 | . . . 7 Power 2 | . . . 2 Propulsion 1 | . . . 1 Utility 1 | . . . 1 Weapon 3 | . . . 3 Highest Loss Streak 5 | . . . 5 To Critical Strikes . | . . . . Average Backups 8 | 3 8 10 9 Power . | . 1 1 . Propulsion 1 | 1 1 1 1 Utility 3 | . 3 4 4 Weapon 2 | . 1 3 2 Tool/Special . | . . . . Unused Backups 10 | 1 4 . 5 Power 1 | 1 . . . Propulsion 3 | . 2 . 1 Utility 4 | . 1 . 3 Weapon 2 | . 1 . 1 Tool/Special . | . . . . Average Slot Usage (%) 99 | . 100 100 99 Engine 13 | . 14 14 13 Leg 22 | . 28 28 10 Wheel 5 | . . . 17 Device 13 | . 14 14 13 Storage 14 | . 14 14 14 Energy Gun 2 | . . . 8 Energy Cannon 2 | . . . 7 Ballistic Gun 21 | . 26 27 12 Peak Build Rating 11 | 8 8 8 11 Average Rating 8 | 5 7 8 9 On Entrance 6 | . 8 8 8 Naked Turns . | . . . . Heaviest Build 26 | 13 19 19 26 Greatest Support 30 | 20 20 20 30 Greatest Overweight (x) 2 | 2 . . 1 Average Overweight (x) . | . . . . Largest Inventory Capacity 10 | 8 10 10 10 Average Capacity 9 | 7 9 10 10 Most Carried 10 | 6 10 10 10 Average Carried 8 | 3 8 10 9 Final Capacity 10 | 8 10 10 10 Final Carried 10 | 6 10 10 6 Class Distribution -------------------- 63% | Mutant 36% | Scavenger-Mutant Dominant Class ---------------- Mutant | -10/Materials Scavenger-Mutant | -10/Mines Scavenger-Mutant | -10/Subcaves Resources | -11 -10 -10 -10 ----------- Run | Yrd Mat Min Sub Matter Collected 985 | 263 534 64 124 Remotely . | . . . . Salvage Created 668 | 78 354 69 167 Parts 46 | 9 24 3 10 Haulers Intercepted 2 | . 2 . . Recyclers Shooed . | . . . . Parts Field Recycled . | . . . . Retrieved Matter . | . . . . Parts Self-Destructed 4 | . . . 4 Prevented . | . . . . Kills | -11 -10 -10 -10 ------- Run | Yrd Mat Min Sub Combat Hostiles Destroyed 10 | . 7 . 3 Guns 8 | . 5 . 3 AOE 2 | . 2 . . Classes Destroyed 6 | 1 3 1 1 Tunneler 5 | 4 . 1 . Hauler 2 | . 2 . . Recycler 1 | . . 1 . Swarmer 3 | . 3 . . Grunt 4 | . 4 . . Subdweller 3 | . . . 3 Best Kill Streak 5 | 1 5 1 2 Combat Bots Only 5 | . 5 . 2 Max Kills in Single Turn 2 | 1 2 1 1 Gunslinging . | . . . . Exploded 2 | . 2 . . Melee . | . . . . Uniques/NPCs Destroyed . | . . . . Combat | -11 -10 -10 -10 -------- Run | Yrd Mat Min Sub Hostile Shots Fired 77 | . 33 . 44 Missed 18 | . 7 . 11 Hits 59 | . 26 . 33 Projectile 59 | . 26 . 33 Critical Strikes 3 | . 3 . . Damage Taken 1057 | . 357 . 700 Core 255 | . 71 . 184 Absorbed by Shields . | . . . . Redirected to Shielding 6 | . . . 6 Regen/Repaired (Parts) 3 | . 3 . . Core Remaining (%) 100 | 100 . . . Volleys Fired 79 | 10 33 11 25 Largest 2 | 2 2 2 2 Hottest 180 | 40 50 40 180 Shots Fired 154 | 20 65 22 47 Gun 132 | 20 59 22 31 Cannon 14 | . . . 14 Launcher 6 | . 6 . . Special 2 | . . . 2 Kinetic 118 | 20 59 22 17 Thermal 30 | . . . 30 Explosive 6 | . 6 . . Electromagnetic . | . . . . Robot Hit Streak 22 | 4 8 6 22 Robot Miss Streak 4 | 1 4 3 1 Penetration Max . | . . . . Secondary Targets 1 | . 1 . . Max Gunslinging Chain 1 | . 1 . . Shots Hit Robots 95 | 12 42 14 27 Core Hits 33 | 4 17 4 8 Critical Kills . | . . . . Critical Parts Destroyed . | . . . . Critical Strikes . | . . . . Melee Attacks 4 | . 4 . . Impact . | . . . . Slashing . | . . . . Piercing . | . . . . Sneak Attacks 4 | . 4 . . Combat Hostiles . | . . . . Follow-up Attacks . | . . . . Damage Inflicted 1282 | 153 547 150 432 Guns 1053 | 153 468 150 282 Cannons 139 | . . . 139 Explosions 79 | . 79 . . Melee . | . . . . Ramming . | . . . . Kinetic 950 | 153 468 150 179 Thermal 253 | . . . 253 Explosive 79 | . 79 . . Electromagnetic . | . . . . Impact . | . . . . Slashing . | . . . . Piercing . | . . . . Highest Corruption 1 | . 1 1 1 Average Corruption 1 | . 1 1 1 Corruption Purged . | . . . . Corruption Blocked . | . . . . Effects 9 | . 4 1 4 Matter Fused 1 | . . . 1 Heat Flow Errors 4 | . 1 1 2 Data Loss (minor) 4 | . 3 . 1 Overload Shots . | . . . . Overflow Damage . | . . . . Projectiles . | . . . . Explosions . | . . . . Melee . | . . . . Knockbacks . | . . . . Impact . | . . . . Kinetic . | . . . . Secondary . | . . . . Self-Inflicted Damage . | . . . . Shots . | . . . . Rammed . | . . . . Targets Rammed . | . . . . Kicked . | . . . . Crushed . | . . . . Highest Temperature 239 | . 205 199 239 Average Temperature 47 | . 42 108 38 Received Heat Transfer 411 | . 237 . 174 Siege Activations . | . . . . Martial Activations . | . . . . Shielding Activations . | . . . . Robots Disrupted . | . . . . Combat Hostiles . | . . . . Robots Corrupted . | . . . . Combat Hostiles . | . . . . Parts Fried . | . . . . Impact Corruptions . | . . . . Robots Melted . | . . . . Combat Hostiles . | . . . . Parts Melted . | . . . . Heat Transferred 390 | . . . 390 Parts Sabotaged . | . . . . Parts Stolen . | . . . . Parts Stripped . | . . . . Power Chain Reactions . | . . . . Alert | -11 -10 -10 -10 ------- Run | Yrd Mat Min Sub Maximum Alert Level . | . . . . Low Security (%) 100 | 100 100 100 . Level 1 . | . . . . Level 2 . | . . . . Level 3 . | . . . . Level 4 . | . . . . Level 5 . | . . . . High Security . | . . . . Max Security . | . . . . Peak Influence 168 | 5 168 66 . Initial 61 | . . 61 . Average 21 | . 24 27 . Influence Increases 272 | 20 242 10 . Destroy 0b10 Robot/C 140 | . 140 . . Destroy 0b10 Robot/NC 40 | 20 10 10 . Destroy Leader 34 | . 34 . . Successful Hack 5 | . 5 . . Disable Machine 15 | . 15 . . Destroy Structure 38 | . 38 . . Influence Decreases 272 | 20 85 167 . Entered New Map 96 | . . 96 . Time Decay 176 | 20 85 71 . Squads Dispatched . | . . . . Investigation . | . . . . Extermination . | . . . . Reinforcement . | . . . . Assault . | . . . . Garrison . | . . . . Intercept . | . . . . Searches Triggered . | . . . . Construction Impeded . | . . . . Haulers Reinforced . | . . . . Active Scanning Responses . | . . . . Cargo Convoy Interrupts . | . . . . Stealth | -11 -10 -10 -10 --------- Run | Yrd Mat Min Sub Distress Signals 2 | . 2 . . Communications Jammed . | . . . . Distress Signals . | . . . . Times Spotted 25 | . 14 . 11 Peak Tracking Total 4 | . 3 . 4 Tactical Retreats 1 | . . . 1 Traps | -11 -10 -10 -10 ------- Run | Yrd Mat Min Sub Traps Triggered 2 | . 2 . . Indirectly . | . . . . Trap Hack Attempts . | . . . . Triggered . | . . . . Disarmed . | . . . . Reprogrammed . | . . . . Reused . | . . . . Traps Extracted . | . . . . Installed . | . . . . Triggered . | . . . . Machines | -11 -10 -10 -10 ---------- Run | Yrd Mat Min Sub Machines Disabled 1 | . 1 . . Max in Single Turn 1 | . 1 . . Machines Repaired . | . . . . Machines Dismantled . | . . . . Machines Sabotaged . | . . . . Overloaded Fab Kills . | . . . . Hacking | -11 -10 -10 -10 --------- Run | Yrd Mat Min Sub Machines Accessed 4 | . 4 . . Terminals 3 | . 3 . . Fabricators . | . . . . Repair Stations 1 | . 1 . . Recycling Units . | . . . . Scanalyzers . | . . . . Garrison Access . | . . . . Total Hacks 10 | . 10 . . Successful 6 | . 6 . . Failed 4 | . 4 . . Catastrophic 1 | . 1 . . Database Lockouts . | . . . . Manual 8 | . 8 . . Terminals 8 | . 8 . . Fabricators . | . . . . Repair Stations 2 | . 2 . . Recycling Units . | . . . . Scanalyzers . | . . . . Garrison Access . | . . . . Terminal Hacks . | . . . . Fabricator Hacks . | . . . . Repair Station Hacks 2 | . 2 . . Scan Component 1 | . 1 . . Repair 1 | . 1 . . Recycling Unit Hacks . | . . . . Scanalyzer . | . . . . Garrison Access Hacks . | . . . . Unauthorized Hacks 4 | . 4 . . Terminals 4 | . 4 . . Assimilate 1 | . 1 . . Botnet 3 | . 3 . . Fabricators . | . . . . Repair Stations . | . . . . Recycling Units . | . . . . Scanalyzers . | . . . . Garrison Access . | . . . . Data Cores Recovered . | . . . . Used . | . . . . Hacking Detections 3 | . 3 . . Full Trace Events . | . . . . Feedback Events . | . . . . Feedback Blocked . | . . . . Robot Schematics Acquired . | . . . . Robots Built . | . . . . Authchips . | . . . . Time . | . . . . Total Robot Build Rating . | . . . . Part Schematics Acquired . | . . . . Parts Built . | . . . . Authchips . | . . . . Time . | . . . . Total Part Build Rating . | . . . . Parts Repaired 1 | . 1 . . Time 38 | . 38 . . Parts Recycled . | . . . . Recycled Matter . | . . . . Retrieved Matter . | . . . . Retrieved Components . | . . . . Parts Scanalyzed . | . . . . Part Schematics Acquired . | . . . . Parts Damaged . | . . . . Bothacking | -11 -10 -10 -10 ------------ Run | Yrd Mat Min Sub Used RIF Installer . | . . . . Robots Hacked 2 | . 2 . . Non-combat 2 | . 2 . . Combat . | . . . . Robot Hacks Applied 3 | . 3 . . no_distress 3 | . 3 . . Relay Couplers Released . | . . . . Fabnet Peak Effective % . | . . . . Robots Rewired . | . . . . Allies Hacked . | . . . . Hacks Repelled . | . . . . Allies | -11 -10 -10 -10 -------- Run | Yrd Mat Min Sub Total Allies . | . . . . Largest Group . | . . . . Highest-Rated Group . | . . . . Highest-Rated Ally . | . . . . Total Orders . | . . . . Ally Attacks . | . . . . Total Damage . | . . . . Kills . | . . . . Allies Corrupted . | . . . . Allies Melted . | . . . . Intel | -11 -10 -10 -10 ------- Run | Yrd Mat Min Sub Active Infowar (turns) 1577 | 21 855 193 508 Seismic 1577 | 21 855 193 508 Robot Analysis Total . | . . . . Derelict Logs Recovered . | . . . . Drone Launches . | . . . . Drone Recoveries . | . . . . Exploration | -11 -10 -10 -10 ------------- Run | Yrd Mat Min Sub Turns Passed 1746 | 164 855 193 534 Spaces Moved 1115 | 95 505 131 384 Core 5 | 5 . . . Treads . | . . . . Legs 845 | 90 505 131 119 Wheels 265 | . . . 265 Hover . | . . . . Flight . | . . . . Fastest Speed 50 | 50 120 120 95 Average Speed 113 | 118 120 120 102 Slowest Speed 150 | 150 120 120 120 Overloaded Moves . | . . . . Propulsion Burnouts . | . . . . Robots Hopped . | . . . . Potential Cave-ins . | . . . . Cave-ins Triggered . | . . . . Exploration Rate (%) 33 | 7 66 30 30 Regions Visited 3 Branch Regions 2 Pre-discovered Areas . | . . . . Known Exits Taken . | . . . . Unknown Exits Taken 3 | 1 1 1 . Scrap Searched 2 | . . 2 . Spaces Dug 16 | . 16 . . Terrain Destroyed 40 | . 38 . 2 Melee . | . . . . Projectile 2 | . . . 2 AOE 38 | . 38 . . Terrain Rammed . | . . . . Walls Destroyed . | . . . . Machines Disabled . | . . . . Actions | -11 -10 -10 -10 --------- Run | Yrd Mat Min Sub Total 1438 | 123 689 147 479 Wait 174 | 4 122 1 47 Move 1112 | 94 504 130 384 Hop . | . . . . Pick Up 21 | 7 10 1 3 Fast Attach 10 | 7 . . 3 Attach 6 | . . . 6 Detach 3 | . . . 3 Swap 11 | . 8 2 1 Drop 18 | 1 8 2 7 Fire 79 | 10 33 11 25 Melee 4 | . 4 . . Ram . | . . . . Kick . | . . . . Crush . | . . . . Escape Stasis . | . . . . Rewire . | . . . . Trap . | . . . . Miscellaneous . | . . . . Route ------- -11/Scrapyard -10/Materials (discovered 2 exits: [*Mat] / [*Min]) -10/Mines (discovered 2 exits: [*Mat] / [*Sub]) -10/Subcaves History --------- Turn | Location | Event 8 | -11/Scrapyard | Discovered new exit (range 16) 165 | -11/Scrapyard | Entered Materials 310 | -10/Materials | Build established: Mutant 478 | -10/Materials | Discovered new exit (range 12) 590 | -10/Materials | Discovered new exit (range 10) 674 | -10/Materials | Repaired Imp. Terrain Scanner 1020 | -10/Materials | Entered Mines 1059 | -10/Mines | Discovered new exit (range 6) 1159 | -10/Mines | Discovered new exit (range 6) 1213 | -10/Mines | Entered Subcaves 1214 | -10/Subcaves | Approached by a straggling Scientist 1271 | -10/Subcaves | Shifting Twisted Machinery released Flamer 1322 | -10/Subcaves | Build established: Scavenger-Mutant 1391 | -10/Subcaves | Core integrity fell below 50% 1432 | -10/Subcaves | Shifting Twisted Machinery released Sub. Beam Cannon 1434 | -10/Subcaves | Shifting Twisted Machinery released Sub. Monowheel 1586 | -10/Subcaves | A swath of the cavern ceiling suddenly collapsed 1642 | -10/Subcaves | A Subdweller sparked back to life 1642 | -10/Subcaves | A Subdweller sparked back to life 1743 | -10/Subcaves | Core integrity fell below 20% 1747 | -10/Subcaves | Destroyed by BB-NXK(R) with Subdweller Beam Cannon Last Messages --------------- 01480_ Dropped Core Shielding. 01483_ Acquired 20 matter. 01519_ System corrupted: Matter fused (-9). 01550_ O1-R9F(u) tweaks Twisted Machinery. 01554_ O1-R9F(u) builds Twisted Machinery. A swath of the cavern ceiling suddenly collapses. 01642_ DG-XZ4(R) creaks and sparks as it begins to move. 01642_ HD-JWW(R) creaks and sparks as it begins to move. 01647_ System corrupted: Component data lost. 01648_ Sub. Beam Cannon shoots sparks and powers down. 01667_ Subatomizers dissect the Sub. Power Source. 01668_ Acquired 9 matter. 01672_ Dropped Broken Sub. Beam Cannon. 01678_ Lgt. Ion Engine destroyed. 01681_ Subatomizers dissect the Sub. Power Source. 01734_ Sub. Laser destroyed. 01738_ Lgt. Ion Engine destroyed. 01740_ Seismic Detector destroyed. 01746_ Flamer destroyed. 01747_ Sub. Monowheel destroyed. Map ----- +----------------------------------------------------+ | ????????????????????????????????????? "??????????? | | ??????????????????????????????????### ???????????? | | ?????????????????????????????????? ????????????? | | ?????????????????????????????????? ##???????????? | | ????????????????????????????????## #?????#?????? | | ??????????????????????????###?###" "###? #?????? | | ??????????????????????????# ### " ## #?????? | | ??????????????????????????# #??????? | | ??????????????????????????# ##?????? | | ??????????????????????????# ## #? | | ?????????????????????????## ?# | | ?????????????????????????# ### ## ?# | | ?????????????????????????# ##?# ##??????????# | | ????????????????????????## #?## ##???????????? | | ????????????????????????# #?# #????????????? | | ????????????????????????# #?# #????????????? | | ????????????????????????### ### ##???????????? | | ??????????????????????????# ## #???????????? | | ??????????????????????????# # ##???????????? | | ??????????????????????????# ## #????????????# | | ?????????????????????????## R ## ##????????????# | | ?????????????????????????# R ### #????????????## | | ?????????????????????????# RR#?# #???????????## | | ????????????????????????## #### ##???????????# | | ????????????????????????#; #?# ##??###????# | | ????????????????????????#@ ### # #???# | | ????????????????????????##### #???## | | ????????????##???????????## #????## ? | | ????????????# ####??????# #?????##?? | | ????????????# ###??## ############????????? | | ?????????????# ### ##???????????????????? | | ????????## #??## ####?????????????????? | | ??????? # ###???????????????? | | ??????? ##??????????????? | | ??????? ] ##?????????????? | | ??????? ## * ## ????????? | | ????????? ???# &%[ ????????? | | ?????????????????# ## && #????????? | | ?????????????????###?#### ????????? | | ????????????????#???????## ## ##??????????? | | ???????????? ?## ???????# #?#### ###???????????? | | ???????????? ? ?????## ##????##?????????????? | | ????????????? ?????# #???????????????????? | | ?????????????? ????# #???????????????????? | | ??????????????# ????## #???????????????????? | | ???????????????# ???# #???????????????????? | | ????????????????# ##### ##???????????????????? | | ????????????????????# #????????????????????? | | ????????????????????# #????????????????????? | | ????????????????????## ###????????????????????? | +----------------------------------------------------+ Best States ------------- Heat Dissipation 25 Energy Generation 10 Energy Capacity 125 Matter Stores 300 Matter Capacity 300 Sight Range 16 Terrain Scan Density 10 Core Shielding 20 Evasion (%) 55 Item Schematics ----------------- None Robot Schematics ------------------ None Fabricated ------------ Nothing Repaired ---------- Imp. Terrain Scanner | 86% | -10/Materials Alien Tech Used ----------------- None Achievements -------------- None Challenges ------------ None Game ------ Seed GatlingGatlingDeflector Manual? 0 Play Time 00:19:17 Cumulative 64.9 hours Start 2025.06.01 @ 13:20:26 End 2025.06.01 @ 13:39:39 Sessions 1 Manual Loads 0 Difficulty Rogue Special Mode None Game No. 72 Rogue 72 Adventurer 0 Explorer 0 Win Type - Total 0 Types 0/0/0/0/0/0/0/0/0/0 Lore% 32 Gallery% 31 Achievement% 28 Wizard Run 0 Options --------- Layout 0 ASCII 0 Keyboard 1 Movement Numpad Keybinds 0 Fullscreen 2 Font 18/SmallcapsGlow Map View 76x50 Zoom Use 0% Tactical HUD 1 Map Filters NONE Filters NONE Steam 1 RUN: d6b63c62-76fc-44c5-a408-2dfa2aa03043